 Dungeon Crawl Stone Soup version 0.18-a0-5-gf1fb587 (webtiles) character file.

25 mrath the Digger (level 3, -1/19 HPs)
             Began as a Gargoyle Earth Elementalist on Nov 1, 2015.
             Slain by Terence
             ... wielding a +0 flail
              (3 damage)
             ... on level 2 of the Dungeon.
             The game lasted 00:11:54 (1318 turns).

mrath the Digger (Gargoyle Earth Elementalist)      Turns: 1318, Time: 00:11:55

Health: -1/19      AC:  5    Str: 11    XL:     3   Next: 4%
Magic:  1/7        EV: 12    Int: 16    God:
Gold:   59         SH:  0    Dex: 10    Spells: 1 memorised, 6 levels left

rFire  . . .     SeeInvis .     p - +0 whip
rCold  . . .     Clarity  .     b - +0 robe
rNeg   + . .     SustAt   .     (no shield)
rPois  ∞         Gourm    .     (no helmet)
rElec  +         Spirit   .     (no cloak)
rCorr  .         Warding  .     (no gloves)
rMut   .         Stasis   .     (no boots)
MR     .....                    (no amulet)
Stlth  ++........               (no ring)
                                (no ring)

@: not resistant to hostile enchantments, unstealthy
A: negative energy resistance 1, electricity resistance, unbreathing,
petrification resistance, rot immunity, AC +3
a: no special abilities


You were on level 2 of the Dungeon.
You were hungry.

You visited 1 branch of the dungeon, and saw 2 of its levels.

You collected 59 gold pieces.

Inventory:

Hand Weapons
 p - a +0 whip (weapon)
Missiles
 a - 77 stones (quivered)
Armour
 b - a +0 robe (worn)
Jewellery
 h - a cursed amulet of inaccuracy {unknown}
 n - a +5 ring of protection {unknown}
 q - an uncursed ring of fire {unknown}
Scrolls
 f - a scroll of teleportation {unknown}
 g - a scroll of identify {unknown}
 i - a scroll of fog {unknown}
Potions
 e - 3 potions of curing {unknown}
 k - a potion of invisibility {unknown}
 m - a potion of flight {unknown}
 r - a potion of magic {unknown}
Books
 c - a book of Geomancy

   Spells                             Type                      Level
   a - Sandblast                      Earth                        1
   b - Stoneskin                      Transmutation/Earth          2
   c - Passwall                       Transmutation/Earth          3
   d - Stone Arrow                    Conjuration/Earth            3
   e - Petrify                        Transmutation/Earth          4
   f - Lee's Rapid Deconstruction     Earth                        5
Comestibles
 d - 2 bread rations
 j - 2 meat rations
 o - a beef jerky
 s - 4 chunks of flesh


   Skills:
 - Level 1.5 Dodging
 - Level 2.1 Stealth
 * Level 2.7 Spellcasting
   Level 0.7 Transmutations
 + Level 4.2 Earth Magic


You had 6 spell levels left.
You knew the following spells:

 Your Spells              Type           Power        Failure   Level  Hunger
a - Sandblast             Erth           ###...       4%          1    #......


Dungeon Overview and Level Annotations

Branches:
Dungeon (2/15)

Altars:

Annotations:
D:2 Natasha, Terence


Innate Abilities, Weirdness & Mutations

You are resistant to torment.
Your stone body is resilient (AC +3).
You are immune to poison.
You resist negative energy.
You are resistant to electric shocks.
You can survive without breathing.
You are immune to petrification.
You are immune to rotting.


Message History

Terence hits you with a flail.
You hit Terence but do no damage.
Terence is moderately wounded.
Terence hits you with a flail.
You hit Terence.
Terence is moderately wounded.
Terence hits you with a flail.
* * * LOW HITPOINT WARNING * * *
You hit Terence but do no damage.
Terence is moderately wounded.
Terence closely misses you.
You hit Terence.
Terence is heavily wounded.
Terence hits you but does no damage.
You barely miss Terence.
Terence is heavily wounded.
You barely miss Terence.
Terence is heavily wounded.
Terence hits you with a flail.
You die...

#....... ###....
#....... ##....(##
##....... .......##
##......>.
#.......###.###.......
#..................###
.... ... ..####.###
#.###.##.# #.#
#.....@@.# ##'##
#####.#### ##...##
##.#### ##.....##
#...#.## ##.......##
###......####.........#
#...........+.........+
#.##.....####.........#
#.####...# ##.......##
#.####.#.# ##.....##


You could see Terence.

Vanquished Creatures
  2 worms (D:2)
  2 hobgoblins (D:1)
  3 jackals (D:1)
  A quokka (D:2)
  4 bats
  A giant newt (D:2)
  3 goblins
  2 kobolds (D:1)
  3 rats
21 creatures vanquished.

Notes
Turn   | Place    | Note
--------------------------------------------------------------
     0 | D:1      | mrath the Gargoyle Earth Elementalist began the quest for the Orb.
     0 | D:1      | Reached XP level 1. HP: 10/10 MP: 3/3
   341 | D:1      | Reached XP level 2. HP: 15/15 MP: 1/5
   359 | D:1      | Reached skill level 4 in Earth Magic
   955 | D:2      | Noticed Natasha
  1249 | D:2      | Reached XP level 3. HP: 19/19 MP: 4/7
  1300 | D:2      | Noticed Terence
  1318 | D:2      | Slain by Terence

Vault maps used:
D:1:      saegor_arrival_under_anarchy
D:2:      uniq_natasha, uniq_terence, uniq_crazy_yiuf_cottage

Action                   || total
-------------------------++-------
Melee: Whip              ||    14
Throw: Stone             ||     3
 Cast: Sandblast         ||    35
  Eat: Chunk             ||     1
